 Dungeon Crawl Stone Soup version 0.28.0-45-g0d030f2227 (webtiles) character file.

Game seed: 14055839704784077243

71 Bruhh the Chopper (level 4, -2/28 HPs)
             Began as a Gargoyle Fighter on Apr 23, 2022.
             Was an Initiate of the Shining One.
             Slain by a gnoll
             ... wielding a +0 halberd
              (4 damage)
             ... on level 3 of the Dungeon.
             The game lasted 00:02:30 (3109 turns).

Bruhh the Chopper (Gargoyle Fighter)                Turns: 3109, Time: 00:02:31

Health: -2/28      AC: 10    Str: 22    XL:     4   Next: 24%
Magic:  4/4        EV:  9    Int:  8    God:    the Shining One [......]
Gold:   141        SH:  4    Dex:  9    Spells: 3/3 levels left

rFire   . . .      SeeInvis .   a - +0 war axe
rCold   . . .      Faith    .   c - +0 buckler
rNeg    + . .      Spirit   .   b - +0 scale mail
rPois   ∞          Reflect  .   (no helmet)
rElec   +          Harm     .   (no cloak)
rCorr   .          Rampage  .   (no gloves)
Will    .....                   (no boots)
Stlth   ..........              (no amulet)
HPRegen 0.09/turn               (no ring)
MPRegen 0.09/turn               (no ring)

@: mighty, glowing
A: sickness immunity, AC +3, negative energy resistance 1, electricity
resistance, torment resistance 1, petrification resistance
a: Renounce Religion


You were on level 3 of the Dungeon.
You worshipped the Shining One.
The Shining One was noncommittal.
You visited 1 branch of the dungeon, and saw 3 of its levels.

You collected 141 gold pieces.

Inventory:

Hand Weapons
 a - a +0 war axe (weapon)
Missiles
 f - a throwing net (quivered)
 h - 5 poisoned darts
Armour
 b - a +0 scale mail (worn)
 c - a +0 buckler (worn)
Scrolls
 e - 6 scrolls of identify {unknown}
 i - a scroll of enchant armour {unknown}
 j - a scroll of fog {unknown}
 k - a scroll of noise {unknown}
 l - a scroll of fear {unknown}
Potions
 g - a potion of flight {unknown}


   Skills:
 - Level 3.2 Fighting
 + Level 4.0 Axes
 - Level 3.2 Armour
 - Level 3.2 Shields


You had 3 spell levels left.
You didn't know any spells.
Your spell library was empty.

Dungeon Overview and Level Annotations

Branches:
Dungeon (3/15)

Altars:
Ashenzari
The Shining One

Shops:
D:1 ?


Innate Abilities, Weirdness & Mutations

You are immune to sickness and miasma.
Your stone body is resilient. (AC +3)
You are immune to poison.
You resist negative energy. (rN+)
You are resistant to electric shocks. (rElec)
You are resistant to unholy torment.
You are immune to petrification.


Message History

You closely miss the kobold. You block the kobold's attack.
You barely miss the kobold. The kobold hits you but does no damage.
The kobold barely misses you.
You completely miss the kobold. The kobold hits you with a +0 club.
You slash the kobold!
You kill the kobold!
Things that are here:
a +0 club; a kobold corpse You start resting.
You start resting.
HP restored.
You start waiting.
Done waiting.
You start waiting.
Done waiting.
You start waiting.
Done waiting.
You see here a +0 club.
There is a stone staircase leading down here.
Things that are here:
a stone; a +0 short sword
There is an open door here.
There is a stone staircase leading down here.
You climb downwards.
There is a stone staircase leading up here.
The gnoll shouts!
There are monsters nearby!
You feel very mighty all of a sudden. The gnoll hits you with a +0 halberd.
You block the gnoll's attack. The gnoll closely misses you.
You barely miss the gnoll. The gnoll hits you with a +0 halberd.
The gnoll hits you but does no damage.
The gnoll hits you from afar with a +0 spear.
The gnoll hits you from afar with a +4 spear.
You closely miss the gnoll. You block the gnoll's attack.
The gnoll barely misses you. The gnoll hits you but does no damage.
The gnoll hits you from afar with a +4 spear!
* * * LOW HITPOINT WARNING * * *
The gnoll hits you with a +0 halberd.
You die...

...................###.....###
##.#####............#.........
###............#...#####.
#......#####..._.......#.
#....### ##..#.......#.
#....#<# #..#.........
#....#.# ####.###.)#.#..#
#....#.###g...###........
+....+..@gg...###....####
#....##...g..............
#....##.............#####
#....##.............##
#....................#
#.......#........#...#
#####...#........##..##
######...#........##...#
#.................###..###


You could see 4 gnolls.

Vanquished Creatures
  A gnoll (D:1)
  2 adders (D:2)
  A dart slug (D:2)
  4 endoplasms
  2 giant cockroaches
  8 goblins
  A hobgoblin (D:2)
  3 jackals (D:1)
  A quokka (D:2)
  3 ball pythons
  A bat (D:1)
  4 frilled lizards
  4 kobolds
  6 rats
41 creatures vanquished.

Notes
Turn   | Place    | Note
-------+----------+-------------------------------------------
     0 | D:1      | Bruhh the Gargoyle Fighter began the quest for the Orb.
     0 | D:1      | Reached XP level 1. HP: 14/14 MP: 1/1
   230 | D:1      | Reached skill level 2 in Axes
   230 | D:1      | Reached XP level 2. HP: 19/19 MP: 2/2
   468 | D:1      | Reached skill level 3 in Axes
   518 | D:1      | Reached XP level 3. HP: 18/23 MP: 3/3
   586 | D:1      | Found a faded altar of an unknown god.
   884 | D:1      | Found Ethe's Magic Scroll Boutique.
  1599 | D:2      | Found a glowing golden altar of the Shining One.
  1625 | D:2      | Became a worshipper of the Shining One
  2019 | D:2      | Reached XP level 4. HP: 23/28 MP: 4/4
  2246 | D:3      | Found a broken altar of Ashenzari.
  2362 | D:3      | Reached skill level 4 in Axes
  3109 | D:3      | Slain by a gnoll

Illustrated notes

Levels and vault maps discovered:
D:1:      mushboom_english_gardens, layout_basic, serial_shops, shop,
          hellmonk_ecumenical_altar_zigzags
D:2:      layout_basic, basic_altar, minmay_cut_off
D:3:      layout_basic, cheibrodos_ashenzari_chains, bh_walls_and_bars

Skill      XL: |  1  2  3  4 |
---------------+-------------+-----
Axes           | 2 3 4 |  4.0
Fighting       | |  3.2
Armour         | |  3.2
Shields        | |  3.2

Action                   |  1- 3 |  4- 6 || total
-------------------------+-------+-------++-------
Melee: War axe           |    96 |    26 ||   122
  Use: Potion            |       |     1 ||     1
Armor: Scale mail        |    51 |    13 ||    64
Dodge: Dodged            |    37 |    19 ||    56
Block: Buckler           |    17 |     8 ||    25
